 Dungeon Crawl Stone Soup version 0.23-a0-78-gc252fe1 (webtiles) character file.

52 eccles the Skirmisher (level 3, -1/35 HPs)
             Began as a Minotaur Abyssal Knight on Aug 10, 2018.
             Was a Believer of Lugonu.
             Slain by a gnoll
             ... wielding a +0 spear
              (9 damage)
             ... on level 2 of the Dungeon.
             The game lasted 00:06:08 (858 turns).

eccles the Skirmisher (Minotaur Abyssal Knight)      Turns: 858, Time: 00:06:10

Health: -1/35      AC:  3    Str: 17    XL:     3   Next: 60%
Magic:  3/3        EV: 11    Int:  9    God:    Lugonu [**....]
Gold:   30         SH:  0    Dex:  9    Spells: 2/2 levels left

rFire    . . .     SeeInvis .   a - +1 hand axe
rCold    . . .     Gourm    .   (no shield)
rNeg     . . .     Faith    .   b - +0 leather armour
rPois    .         Spirit   .   (helmet restricted)
rElec    .         Reflect  .   g - scarf {repulsion}
rCorr    .         Harm     .   (no gloves)
MR       .....                  (no boots)
Stlth    +.........             (no amulet)
HPRegen  0.11/turn              (no ring)
MPRegen  0.08/turn              (no ring)

@: repel missiles
A: retaliatory headbutt, horns 2
a: Depart the Abyss, Bend Space, Renounce Religion


You were on level 2 of the Dungeon.
You worshipped Lugonu.
Lugonu was pleased with you.
You were not hungry.

You visited 1 branch of the dungeon, and saw 2 of its levels.
You visited the Abyss 1 time.

You collected 30 gold pieces.

Inventory:

Hand Weapons
 a - a +1 hand axe (weapon)
Armour
 b - a +0 leather armour (worn)
 g - a scarf of repulsion (worn)
Scrolls
 e - a scroll of enchant armour {unknown}
 f - 2 scrolls of remove curse {unknown}
 h - a scroll of identify {unknown}
Potions
 i - a potion of brilliance {unknown}
 j - a potion of flight {unknown}
Comestibles
 c - 2 rations
 d - 5 chunks of flesh


   Skills:
 + Level 4.8 Fighting
 * Level 3.1 Axes
 + Level 2.6 Armour
 + Level 1.4 Dodging
 + Level 2.1 Invocations


You had 2 spell levels left.
You didn't know any spells.
Your spell library was empty.

Dungeon Overview and Level Annotations

Branches:
Dungeon (2/15)

Altars:
Gozag

Shops:
D:2 *


Innate Abilities, Weirdness & Mutations

You reflexively headbutt those who attack you in melee.
You have a pair of horns on your head.


Message History

You headbutt the gnoll!
You kill the gnoll!
Lugonu accepts your kill.
The gnoll hits you from afar with a spear.
You see here 2 stones.
The gnoll shouts!
You hear a shout!
You barely miss the gnoll. The gnoll hits you with a spear.
The gnoll hits you with a spear!
You hit the gnoll.
The gnoll is heavily wounded.
The gnoll hits you with a spear!
You hit the gnoll.
The gnoll is almost dead.
The gnoll hits you with a spear.
* * * LOW HITPOINT WARNING * * *
The gnoll misses you.
You see here 2 stones.
The gnoll barely misses you.
The gnoll hits you from afar with a spear!
You die...

.##... #. ... ..... #.
#..# .... #. #..# .... #.#
#..######## ...##.#
.#.........# #
...#.##.#.........#
#.#####.#....#.........#
##......@..<###.#.......#
+................>..#.###
######g#........≈≈≈≈≈≈≈#
#g###.#####≈.....≈#
#...g......≈.⌠.⌠.≈#
#####..####≈..∩..≈#
#######.## #≈.⌠.⌠.≈#
#######.g.g...(###≈.....≈#
.......(#####)....≈≈...≈≈#


You could see 2 gnolls.

Vanquished Creatures
  A gnoll (D:2)
  An ooze (D:1)
  A worm (D:2)
  2 dart slugs (D:1)
  2 leopard geckos (D:1)
  9 goblins
  4 hobgoblins
  5 bats
  A frilled lizard (D:1)
  2 kobolds
  A rat (D:1)
29 creatures vanquished.

Notes
Turn   | Place    | Note
-------+----------+-------------------------------------------
     0 | Abyss:1  | eccles the Minotaur Abyssal Knight began the quest for the Orb.
     0 | Abyss:1  | Reached XP level 1. HP: 19/19 MP: 1/1
    12 | D:1      | Escaped the Abyss
   169 | D:1      | Reached XP level 2. HP: 21/27 MP: 2/2
   340 | D:1      | Reached skill level 4 in Fighting
   490 | D:1      | Reached XP level 3. HP: 31/34 MP: 3/3
   494 | D:1      | Reached ** piety under Lugonu
   726 | D:2      | Found Gozag's Platinum Reserve.
   729 | D:2      | Found an opulent altar of Gozag.
   858 | D:2      | Slain by a gnoll

Vault maps used:
D:1:      minmay_arrival_diagonal_passages
D:2:      nicolae_gozag_zags_fifth_avenue, lemuel_doored_altar

Skill      XL: |  1  2  3 |
---------------+----------+-----
Invocations    | 2 |  2.1
Fighting       | 4 |  4.8
Axes           | 3 |  3.1
Armour         | |  2.6
Dodging        | |  1.4

Action                   || total
-------------------------++-------
Melee: Hand axe          ||    57
       Headbutt          ||     7
Armor: Leather armour    ||    12
Dodge: Dodged            ||    38
       Deflected         ||     2

Table legend:
 A = Non-vault XP
 B = Vault XP
 C = Vault XP percentage of total XP
 D = Non-vault monster count
 E = Vault monster count
 F = Vault count percentage of total count
 G = Total turns spent on level
                 A         B        C        D         E       F
            +---------+---------+-------+---------+---------+-------
      Total |      75 |       0 |   0.0 |      29 |       0 |   0.0
            +---------+---------+-------+---------+---------+-------
        D:1 |      46 |       0 |   0.0 |      21 |       0 |   0.0
        D:2 |      29 |       0 |   0.0 |       8 |       0 |   0.0
            +---------+---------+-------+---------+---------+-------
